 Dungeon Crawl Stone Soup version 0.30-a0-728-gc68057be0a (webtiles) character file.

Game seed: 16594970524483436499

290 cforsyth the Caller (level 6, -1/41 HPs)
             Began as a Demonspawn Summoner on Jan 30, 2023.
             Was an Initiate of Gozag.
             Slain by an orc
             ... wielding a +0 mace of venom
              (6 damage)
             ... on level 4 of the Dungeon.
             The game lasted 00:08:59 (3118 turns).

cforsyth the Caller (Demonspawn Summoner)           Turns: 3118, Time: 00:09:00

Health: -1/41      AC: 10    Str:  8    XL:     6   Next: 9%
Magic:  9/12       EV: 12    Int: 18    God:    Gozag
Gold:   246        SH:  0    Dex: 14    Spells: 4/13 levels left

rFire   . . .      SeeInvis .    (no weapon)
rCold   . . .      Faith    .    (no shield)
rNeg    . . .      Spirit   .    a - +0 robe
rPois   .          Reflect  .    (no helmet)
rElec   .          Harm     .    (no cloak)
rCorr   .          Rampage  .    j - +0 pair of gloves
Will    .....                    p - +0 pair of boots
Stlth   ++                       (no amulet)
HPRegen 0.26/turn                (no ring)
MPRegen 0.13/turn                (no ring)

@: lethally poisoned (-1 -> -5), gold aura, sanguine armoured
A: powered by death 1, spiny 1, sanguine armour 1
a: Renounce Religion, Potion Petition, Call Merchant, Bribe Branch


You were on level 4 of the Dungeon.
You worshipped Gozag.
Gozag was aware of your devotion.
You visited 1 branch of the dungeon, and saw 4 of its levels.

You collected 276 gold pieces.
You paid 30 gold pieces to Gozag.

Inventory:

Armour
 a - a +0 robe (worn)
 j - a +0 pair of gloves (worn)
 p - a +0 pair of boots (worn)
 q - the +5 ring mail of the Lost Ageing Demons {rC+}
   (You found it on level 4 of the Dungeon)

   rC:        It protects you from cold.
Scrolls
 c - a scroll of magic mapping {unknown}
 d - 2 scrolls of fear {unknown}
 f - a scroll of teleportation {unknown}
 h - a scroll of fog {unknown}
 k - a scroll of summoning {unknown}
 m - 3 scrolls of brand weapon {unknown}
 n - a scroll of identify {unknown}
 o - a scroll of torment {unknown}
Potions
 b - a potion of magic
 e - a potion of berserk rage {unknown}
 g - 2 potions of lignification {unknown}
 i - 2 potions of curing {unknown}
 l - a potion of degeneration {unknown}


   Skills:
 - Level 1.7 Dodging
 - Level 1.7 Stealth
 + Level 4.0 Spellcasting
 + Level 2.3 Hexes
 + Level 5.6 Summonings


You had 4 spell levels left.
You knew the following spells:

 Your Spells              Type           Power      Damage    Failure   Level
a - Summon Small Mammal   Summ           92%        N/A       1%          1
b - Call Imp              Summ           23%        N/A       2%          2
c - Call Canine Familiar  Summ           23%        N/A       4%          3
d - Summon Guardian Gole  Hex/Summ       18%        N/A       9%          3

Your spell library contained the following spells:

 Spells                   Type           Power      Damage    Failure   Level
 Apportation              Tloc           6%         N/A       14%         1
 Summon Lightning Spire   Summ/Air       13%        N/A       43%         4
 Alistair's Intoxication  Tmut/Pois      2%         N/A       99%         5


Dungeon Overview and Level Annotations

Branches:
Dungeon (4/15)
 Temple: D:4-7

Altars:
Gozag
Nemelex Xobeh

Shops:
D:3 :


Innate Abilities, Weirdness & Mutations

You regenerate a little health from kills.
You are partially covered in sharp spines.
When seriously injured, your blood forms armour. (AC +6)


Message History

The orc hits you but does no damage.
You are more poisoned.
The white imp barely misses you.
Unknown command.
You hit the orc but do no damage.
The orc is heavily wounded.
You feel very sick.
Your hound bites the orc but does no damage.
The orc is distracted by your dazzling golden aura.
Your hound bites the orc but does no damage.
The orc is no longer distracted by gold.
The white imp barely misses you.
You closely miss the orc.
The orc is heavily wounded.
You feel very sick.
Your hound bites the orc but does no damage.
The orc barely misses you. The white imp is struck by your spines.
The white imp misses you.
You barely miss the orc.
The orc is heavily wounded.
You feel sick.
Your hound bites the orc.
The orc misses you.
Your hound bites the orc but does no damage.
The white imp gestures at you. The puff of frost hits you!
* * * LOW HITPOINT WARNING * * *
You barely miss the orc.
The orc is heavily wounded.
* * * LOW HITPOINT WARNING * * *
You feel sick.
Your hound bites the orc but does no damage.
The orc hits your hound with a +0 mace of venom.
The white imp is struck by your spines. The white imp misses you.
You hit the orc but do no damage.
The orc is heavily wounded.
* * * LOW HITPOINT WARNING * * *
You feel sick.
Your hound barely misses the orc.
The orc is struck by your spines.
The orc hits you with a +0 mace of venom.
You die...
Your body crumbles into a pile of gold.

#............# ####....
#...........## #.....##
#...........# #####....##
###.........###.....####
#....<..(........##
#.....).......##.#######
#.........##..##..<.....
#.....o5..##...##.......
#.....h@.###.#..........
#.......................
#.................>.....
#.........##.####......(
#.........#..# ##......
#.........#.## #......
###.......##.# #...##
#............# ###...
#...........########.....


You could see a white imp, an orc (ally target) and a friendly hound (summoned).

Vanquished Creatures
  An orc priest (D:4)
  An adder (D:3)
  2 orcs (D:4)
  A goblin (D:1)
  A hobgoblin (D:4)
  2 bats
  3 frilled lizards
  6 kobolds
  A rat (D:1)
18 creatures vanquished.

Vanquished Creatures (collateral kills)
  2 iguanas (D:4)
  Natasha (thrice) (D:3)
  2 adders (D:4)
  7 dart slugs
  5 orcs (D:3)
  3 ball pythons
  2 bats
  9 endoplasms
  5 giant cockroaches
  9 goblins
  7 hobgoblins
  A jackal (D:3)
  2 quokkas
  4 frilled lizards
  7 kobolds
  2 rats
70 creatures vanquished.

Grand Total: 88 creatures vanquished

Notes
Turn   | Place    | Note
-------+----------+-------------------------------------------
     0 | D:1      | cforsyth the Demonspawn Summoner began the quest for the
                  | Orb.
     0 | D:1      | Reached XP level 1. HP: 13/13 MP: 3/3
    38 | D:1      | Gained mutation: You are partially covered in sharp spines.
                  | [demonic ancestry]
    38 | D:1      | Reached XP level 2. HP: 15/19 MP: 3/5
   458 | D:1      | Gained mutation: You regenerate a little health from kills.
                  | [demonic ancestry]
   458 | D:1      | Reached XP level 3. HP: 19/24 MP: 4/7
   620 | D:1      | You fall into a shaft and drop 1 floor!
   625 | D:2      | Learned a level 2 spell: Call Imp
   629 | D:2      | Learned a level 3 spell: Call Canine Familiar
  1875 | D:3      | Reached XP level 4. HP: 30/30 MP: 5/8
  1923 | D:3      | Learned a level 3 spell: Summon Guardian Golem
  2238 | D:3      | Noticed Natasha
  2244 | D:3      | Killed Natasha
  2245 | D:3      | Reached skill level 5 in Summonings
  2247 | D:3      | Noticed Natasha
  2254 | D:3      | Killed Natasha
  2255 | D:3      | Reached skill level 1 in Hexes
  2274 | D:3      | Found an opulent altar of Gozag.
  2274 | D:3      | Found a sparkling altar of Nemelex Xobeh.
  2281 | D:3      | Became a worshipper of Gozag Ym Sagoz the Greedy
  2298 | D:3      | Noticed Natasha
  2310 | D:3      | Killed Natasha
  2311 | D:3      | Reached XP level 5. HP: 35/35 MP: 7/10
  2478 | D:3      | Found Otuolextef's Book Boutique.
  2926 | D:4      | Identified the +5 ring mail of the Lost Ageing Demons {rC+}
  3111 | D:4      | Gained mutation: When seriously injured, your blood forms
                  | armour. (AC +6) [demonic ancestry]
  3111 | D:4      | Reached XP level 6. HP: 25/41 MP: 8/12
  3118 | D:4      | Slain by an orc

Illustrated notes

Levels and vault maps discovered:
D:1:      lightli_arrival_statue_moat, layout_rooms
D:2:      layout_loops_corners
D:3:      minmay_recursive_quarters, layout_loops_ring,
          grunt_temple_overflow_opulence, serial_shops, shop, uniq_natasha
D:4:      layout_rooms, grunt_decor_mini_mirrors, minmay_crossroads

Skill      XL: |  1  2  3  4  5 |
---------------+----------------+-----
Spellcasting   | 3 4 |  4.0
Summonings     | 5 |  5.6
Hexes          | 1 2 |  2.3
Dodging        | |  1.7
Stealth        | |  1.7

Action                     |  1- 3 |  4- 6 || total
---------------------------+-------+-------++-------
  Melee: Unarmed           |    36 |    25 ||    61
   Cast: Summon Small Mamm |    56 |     2 ||    58
         Call Canine Famil |     4 |    11 ||    15
 Armour: Robe              |    14 |    11 ||    25
  Dodge: Dodged            |    34 |    31 ||    65

Table legend: (Time is in decaauts)
 A = Elapsed time spent in this place.
 B = Non-inter-level travel time spent in this place.
 C = Inter-level travel time spent in this place.
 D = Time resting spent in this place.
 E = Time spent auto-exploring this place.
 F = Levels seen in this place.
 G = Mean time per level.
                   A        B        C        D        E       F      G
               +--------+--------+--------+--------+--------+-----+--------+
         Total |   3117 |   3011 |    106 |     11 |   2058 |   4 |  779.2 |
       Dungeon |   3117 |   3011 |    106 |     11 |   2058 |   4 |  779.2 |
               +--------+--------+--------+--------+--------+-----+--------+

Top non-repeatable levels by time:
     D:2: 1075 daAuts
     D:3: 914 daAuts
     D:1: 620 daAuts
     D:4: 506 daAuts
